 Dungeon Crawl Stone Soup version 0.23-a0-422-g30b1108 (webtiles) character file.

41 Tooki the Magician (level 3, -1/19 HPs)
             Began as a Deep Elf Wizard on Nov 14, 2018.
             Slain by a gnoll (2 damage)
             ... on level 2 of the Dungeon.
             The game lasted 00:03:49 (1208 turns).

Tooki the Magician (Deep Elf Wizard)                Turns: 1208, Time: 00:03:49

Health: -1/19      AC:  3    Str:  3 (4)  XL:     3   Next: 32%
Magic:  3/12       EV: 14    Int: 24 (26) God:
Gold:   11         SH:  0    Dex: 10 (13) Spells: 7/14 levels left

rFire    . . .     SeeInvis .   e - +2 whip (pain)
rCold    . . .     Gourm    .   (no shield)
rNeg     . . .     Faith    .   a - +0 robe
rPois    .         Spirit   .   b - +0 hat
rElec    .         Reflect  .   (no cloak)
rCorr    .         Harm     .   g - +0 pair of gloves
MR       .....                  (no boots)
Stlth    ++........             (no amulet)
HPRegen  0.06/turn              (no ring)
MPRegen  0.13/turn              (no ring)

@: brilliant
A: repulsion field 1, dopey 1, wild magic 1
a: no special abilities


You were on level 2 of the Dungeon.
You were hungry.

You visited 1 branch of the dungeon, and saw 2 of its levels.

You collected 11 gold pieces.

Inventory:

Hand Weapons
 e - a +2 whip of pain (weapon)
Armour
 a - a +0 robe (worn)
 b - a +0 hat (worn)
 g - a +0 pair of gloves (worn)
Scrolls
 c - a scroll of enchant armour {unknown}
 h - a scroll of identify {unknown}
 j - a scroll of amnesia {unknown}
Potions
 f - 2 potions of mutation
 i - a potion of degeneration
Comestibles
 d - 3 rations


   Skills:
 - Level 2.4 Dodging
 - Level 2.4 Stealth
 + Level 6.2 Spellcasting
 - Level 1.1 Conjurations
 - Level 1.1 Summonings
 - Level 1.1 Translocations


You had 7 spell levels left.
You knew the following spells:

 Your Spells              Type           Power        Failure   Level  Hunger
a - Magic Dart            Conj           ####         1%          1    None
b - Blink                 Tloc           N/A          1%          2    None
c - Call Imp              Summ           #####...     1%          2    None
d - Slow                  Hex            ####....     2%          2    None

Your spell library contained the following spells:

 Spells                   Type           Power        Failure   Level  Hunger
 Conjure Flame            Conj/Fire      ####....     3%          3    #......
 Mephitic Cloud           Conj/Pois/Air  ####....     3%          3    #......


Dungeon Overview and Level Annotations

Branches:
Dungeon (2/15)

Altars:


Innate Abilities, Weirdness & Mutations

You are surrounded by a mild repulsion field. (EV +2)
You are dopey. (Int -2)
Your spells are a little harder to cast, but a little more powerful.


Message History

Your crimson imp blinks!
It was a potion of mutation.
You feel extremely strange.
You feel stupid.
You feel less in control of your magic.
You begin to radiate repulsive energy.
The gnoll hits you.
* * * LOW HITPOINT WARNING * * *
Unknown command.
It was a potion of degeneration.
There was something very wrong with that liquid.
You feel weakened.
You feel dopey.
You feel clumsy. The gnoll hits you.
* * * LOW HITPOINT WARNING * * *
Unknown command.
Your crimson imp hits the gnoll but does no damage.
The gnoll misses your crimson imp.
It was a potion of brilliance.
You feel clever all of a sudden.
Your crimson imp blinks!
Your crimson imp hits the gnoll.
The gnoll hits you.
You die...

##..........#.#.##.#
............#5.)...#
#...(.......##...###
#....<...........#
#.####...#..#...g#
#. ......#..§.# ##
....†.#...5#
......###.g#
..........@#
.....####..# .#.#..
...)# .......
........# ######...
.... .#..


You could see 2 gnolls and 2 friendly crimson imps.

Vanquished Creatures
  An ooze (D:1)
  A dart slug (D:1)
  6 bats
  3 hobgoblins
  2 jackals (D:1)
  3 kobolds (D:1)
  A ball python (D:1)
  3 frilled lizards (D:1)
  5 goblins
  5 rats
30 creatures vanquished.

Vanquished Creatures (collateral kills)
  A leopard gecko (D:2)
  2 jackals (D:1)
3 creatures vanquished.

Grand Total: 33 creatures vanquished

Notes
Turn   | Place    | Note
-------+----------+-------------------------------------------
     0 | D:1      | Tooki the Deep Elf Wizard began the quest for the Orb.
     0 | D:1      | Reached XP level 1. HP: 10/10 MP: 7/7
    95 | D:1      | Reached skill level 5 in Spellcasting
   194 | D:1      | Reached XP level 2. HP: 10/15 MP: 5/10
   294 | D:1      | Learned a level 2 spell: Blink
   297 | D:1      | Learned a level 2 spell: Call Imp
   300 | D:1      | Learned a level 2 spell: Slow
   826 | D:1      | Reached XP level 3. HP: 19/19 MP: 6/12
  1020 | D:2      | Reached skill level 6 in Spellcasting
  1205 | D:2      | Gained mutation: You are dopey. (Int -2) [potion of
                  | mutation]
  1205 | D:2      | Gained mutation: Your spells are a little harder to cast,
                  | but a little more powerful. [potion of mutation]
  1205 | D:2      | Gained mutation: You are surrounded by a mild repulsion
                  | field. (EV +2) [potion of mutation]
  1208 | D:2      | Slain by a gnoll

Vault maps used:
D:1:      scummos_arrival_checkerplants, serial_bayou, serial_bayou_pond_c,
          serial_bayou_ford_a, serial_bayou_pond_a
D:2:      serial_bayou_pond_c, minmay_strange_pillars

Skill      XL: |  1  2  3 |
---------------+----------+-----
Spellcasting   | 5 6 |  6.2
Dodging        | |  2.4
Stealth        | |  2.4
Conjurations   | |  1.1
Summonings     | |  1.1
Translocations | |  1.1

Action                   || total
-------------------------++-------
Melee: Whip              ||    10
 Cast: Magic Dart        ||    60
       Call Imp          ||     7
  Use: Potion            ||     3
Armor: Robe              ||     4
Dodge: Dodged            ||    20

Table legend:
 A = Non-vault XP
 B = Vault XP
 C = Vault XP percentage of total XP
 D = Non-vault monster count
 E = Vault monster count
 F = Vault count percentage of total count
                 A         B        C        D         E       F
            +---------+---------+-------+---------+---------+-------
      Total |      59 |       0 |   0.0 |      33 |       0 |   0.0
            +---------+---------+-------+---------+---------+-------
        D:1 |      42 |       0 |   0.0 |      23 |       0 |   0.0
        D:2 |      17 |       0 |   0.0 |      10 |       0 |   0.0
            +---------+---------+-------+---------+---------+-------
